 Dungeon Crawl Stone Soup version bcrawl-1.21.3 (webtiles) character file.

Game seed: 4463893970219183487

110 funkygono the Firebug (level 4, -11/33 HPs)
             Began as a Hill Orc Fire Elementalist on Apr 8, 2020.
             Killed by divine providence
             ... invoked by an orc priest
              (15 damage)
             ... on level 3 of the Dungeon.
             The game lasted 00:08:20 (2615 turns).

funkygono the Firebug (Hill Orc Fire Elementalist)  Turns: 2615, Time: 00:08:20

Health: -11/33     AC:  4    Str: 11    XL:     4   Next: 91%
Magic:  2/7        EV: 12    Int: 15    God:
Gold:   136        SH:  0    Dex: 11    Spells: 4/8 levels left

rFire    x . .     SeeInvis .   d - +1 mace
rCold    + . .     Gourm    .   (no shield)
rNeg     . . .     Faith    .   g - +0 leather armour
rPois    .         Spirit   .   o - +0 helmet
rElec    +         Reflect  .   (no cloak)
rCorr    .         Harm     .   (no gloves)
MR       .....                  (no boots)
Stlth    ++........             (no amulet)
HPRegen  0.11/turn              k - ring of ice
MPRegen  0.10/turn              m - ring of insulation

@: no status effects
A: no striking features
a: Convert to Beogh


You were on level 3 of the Dungeon.
You were not hungry.

You visited 1 branch of the dungeon, and saw 3 of its levels.

You collected 136 gold pieces.

Inventory:

Hand Weapons
 d - a +1 mace (weapon)
Missiles
 c - 315 stones (quivered)
 l - 236 bolts
Armour
 a - a +0 robe
 g - a +0 leather armour (worn)
 o - a +0 helmet (worn)
Jewellery
 k - a ring of ice (left hand)
 m - a ring of insulation (right hand)
Scrolls
 h - 2 scrolls of teleportation
Potions
 f - a potion of agility
 j - a potion of haste {unknown}
 n - a potion of magic {unknown}
Comestibles
 b - 3 chunks of flesh
 e - 6 rations {!d}


   Skills:
 * Level 0.3 Fighting
   Level 0.3 Short Blades
   Level 0.3 Long Blades
   Level 0.3 Axes
   Level 0.3 Maces & Flails
   Level 0.3 Polearms
   Level 0.3 Staves
 * Level 0.7 Armour
 + Level 2.0 Dodging
 + Level 2.1 Stealth
   Level 0.3 Unarmed Combat
 + Level 2.6 Spellcasting
 + Level 2.1 Conjurations
 + Level 4.3 Fire Magic


You had 4 spell levels left.
You knew the following spells:

 Your Spells              Type           Power        Failure   Level  Hunger
a - Flame Tongue          Conj/Fire      ##...        8%          1    #......
b - Conjure Flame         Conj/Fire      ##......     22%         3    ###....

Your spell library contained the following spells:

 Spells                   Type           Power        Failure   Level  Hunger
 Flaming Arrows           Chrm/Fire      #.......     17%         2    ###....
 Inner Flame              Hex/Fire       N/A          32%         3    ###....
 Sticky Flame             Conj/Fire      ##......     58%         4    #####..
 Fireball                 Conj/Fire      ##........   90%         5    ######.


Dungeon Overview and Level Annotations

Branches:
Dungeon (3/12)

Altars:


Message History

The orc hits you with a +0 hand axe.
You hit the orc but do no damage.
The orc is almost dead.
The orc hits you but does no damage.
The orc priest threatens, "By the altar or by the axe, you will meet Beogh!"
You hit the orc but do no damage.
The orc is almost dead.
The orc barely misses you. x2
You closely miss the orc.
The orc is almost dead.
The orc hits you with a +0 hand axe.
* * * LOW HITPOINT WARNING * * *
You closely miss the orc.
The orc is almost dead.
The orc hits you with a +0 hand axe.
* * * LOW HITPOINT WARNING * * *
The orc hits you but does no damage.
The orc priest invokes the aid of Beogh against you.
Beogh smites you!
You die...

###.# #....# #.#
####.# #.# #.#
#.# #o# #.# #.#
#.#### #o# #....#
#o#
####.####.#####.#
#.....@......#
######รท#####.#
#[# #.# #######.#
#.......#
#.####### #(# #.#


You could see an orc priest and 2 orcs.

Vanquished Creatures
  A hound skeleton (D:2)
  An ooze (D:2)
  A worm (D:3)
  2 dart slugs (D:1)
  4 leopard geckos
  5 orcs
  A ball python (D:1)
  6 bats
  2 giant cockroaches
  8 goblins
  6 hobgoblins
  3 jackals (D:1)
  9 kobolds
  3 quokkas (D:2)
  5 frilled lizards
  19 rats
76 creatures vanquished.

Notes
Turn   | Place    | Note
-------+----------+-------------------------------------------
     0 | D:1      | funkygono the Hill Orc Fire Elementalist began the quest
                  | for the Orb.
     0 | D:1      | Reached XP level 1. HP: 14/14 MP: 3/3
   222 | D:1      | Reached XP level 2. HP: 20/20 MP: 0/5
   562 | D:1      | Reached XP level 3. HP: 26/26 MP: 1/6
   701 | D:1      | Reached skill level 4 in Fire Magic
  1484 | D:2      | Learned a level 3 spell: Conjure Flame
  1525 | D:2      | Reached XP level 4. HP: 25/33 MP: 1/7
  1871 | D:2      | Found a faded altar of an unknown god.
  2615 | D:3      | Killed from afar by an orc priest

Skill      XL: |  1  2  3  4 |
---------------+-------------+-----
Stealth        | 2 |  2.1
Fire Magic     | 4 |  4.3
Dodging        | 2 |  2.0
Conjurations   | 2 |  2.1
Fighting       | |  0.3
Short Blades   | |  0.3
Long Blades    | |  0.3
Axes           | |  0.3
Maces & Flails | |  0.3
Polearms       | |  0.3
Staves         | |  0.3
Armour         | |  0.7
Unarmed Combat | |  0.3
Spellcasting   | |  2.6

Action                   |  1- 3 |  4- 6 || total
-------------------------+-------+-------++-------
Melee: Unarmed           |    28 |       ||    28
       Mace              |    37 |    24 ||    61
 Cast: Flame Tongue      |    50 |    50 ||   100
       Conjure Flame     |     2 |     1 ||     3
  Use: Scroll            |     2 |     2 ||     4
  Eat: Chunk             |     3 |     4 ||     7
Armor: Robe              |     7 |       ||     7
       Leather armour    |     8 |     5 ||    13
Dodge: Dodged            |    51 |    20 ||    71
